 Dungeon Crawl Stone Soup version 0.28.0-1-gb440e238dd (webtiles) character file.

Game seed: 17319301299088178330

221 spaghetti the Skirmisher (level 5, -5/44 HPs)
             Began as a Demonspawn Chaos Knight on Feb 20, 2022.
             Was a Plaything of Xom.
             Slain by a gnoll (9 damage)
             ... on level 4 of the Dungeon.
             The game lasted 00:04:31 (3793 turns).

spaghetti the Skirmisher (Demonspawn Chaos Knight)  Turns: 3793, Time: 00:04:32

Health: -5/44      AC:  3    Str: 12    XL:     5   Next: 65%
Magic:  5/5        EV: 11    Int: 17    God:    Xom [*.....]
Gold:   22         SH:  5    Dex: 13    Spells: 3/4 levels left

rFire   . . .      SeeInvis .   e - +0 dagger (venom)
rCold   . . .      Faith    .   (no shield)
rNeg    . . .      Spirit   .   b - +2 leather armour
rPois   .          Reflect  +   (no helmet)
rElec   .          Harm     .   (no cloak)
rCorr   .          Rampage  .   (no gloves)
Will    .....      Clarity  +   (no boots)
Stlth   +.........              k - amulet of reflection
HPRegen 0.14/turn               (no ring)
MPRegen 0.09/turn               (no ring)

@: flying
A: demonic guardian 1, big brain 1, clarity, deformed body, deterioration 2,
screaming 2
a: Renounce Religion


You were on level 4 of the Dungeon.
You worshipped Xom.
You were a special plaything of Xom.
You visited 1 branch of the dungeon, and saw 4 of its levels.

You collected 74 gold pieces.
You spent 52 gold pieces at shops.

Inventory:

Hand Weapons
 a - a +0 falchion of chaos
 e - a +0 dagger of venom (weapon)
 i - a +0 dagger
 n - a +0 rapier
Missiles
 p - a throwing net
Armour
 b - a +2 leather armour (worn)
 c - a +0 plate armour
Jewellery
 k - an amulet of reflection (around neck)
 r - a ring of resist corrosion
Wands
 q - a wand of paralysis (5)
Scrolls
 d - 2 scrolls of noise
 g - a scroll of torment
 j - 2 scrolls of fog
 l - 3 scrolls of amnesia


   Skills:
 + Level 5.2 Fighting
 - Level 2.6 Long Blades
 - Level 1.7 Armour
 - Level 0.8 Dodging
 + Level 3.8 Necromancy


You had 3 spell levels left.
You knew the following spells:

 Your Spells              Type           Power      Damage    Failure   Level
a - Pain                  Necr           48%        1d6       6%          1

Your spell library contained the following spells:

 Spells                   Type           Power      Damage    Failure   Level
 Beastly Appendage        Tmut           0%         N/A       30%         1
 Magic Dart               Conj           0%         1d3       30%         1
 Call Imp                 Summ           0%         N/A       41%         2
 Wereblood                Tmut           0%         N/A       41%         2
 Call Canine Familiar     Summ           0%         N/A       65%         3
 Mephitic Cloud           Conj/Pois/Air  0%         N/A       65%         3
 Portal Projectile        Hex/Tloc       0%         N/A       65%         3
 Spider Form              Tmut/Pois      0%         N/A       65%         3
 Agony                    Necr           12%        N/A       87%         5
 Excruciating Wounds      Necr           6%         N/A       87%         5
 Leda's Liquefaction      Hex/Erth       0%         N/A       96%         4


Dungeon Overview and Level Annotations

Branches:
Dungeon (4/15)             Temple (0/1) D:4

Altars:
Elyvilon

Shops:
D:1 :!   D:4 *

Annotations:
D:4 3 runed translucent doors, pkoi's ghost, amateur DrAE


Innate Abilities, Weirdness & Mutations

A weak demonic guardian rushes to your aid.
You have an unusually large brain. (Int +2)
You possess an exceptional clarity of mind.
Armour fits poorly on your strangely shaped body.
Your body often deteriorates upon taking damage.
You frequently scream uncontrollably at your foes.


Message History

The jackal bites you but does no damage.
You block the jackal's attack.
It was a potion of flight.
You feel very buoyant.
You fly up into the air.
Xom roars with laughter!
You block the gnoll's attack.
Your quasit bites the gnoll.
Your quasit claws the gnoll. x2; The jackal barely misses you.
The gnoll misses you. The jackal barely misses you.
The gnoll barely misses you.
Your quasit misses the gnoll.
Your quasit claws the gnoll.
Your quasit barely misses the gnoll.
The jackal misses your quasit.
The jackal bites you but does no damage.
Your quasit bites the jackal.
Your quasit closely misses the jackal. x2
Okay, then.
Okay, then.
You aren't carrying any potions.
Unknown command.
Your quasit barely misses the jackal.
Your quasit claws the jackal.
Your quasit claws the jackal but does no damage.
The gnoll hits your quasit with a +1 spear of flaming!
Unknown command.
The jackal misses your quasit.
The gnoll hits your quasit with a +0 spear.
Your quasit dies!
Your quasit disappears in a puff of smoke!
Xom's power brushes against you for a moment.
Your body is suffused with distortional energy.
You feel more encumbered by your armour.
Your body twists and deforms.
You are now a special plaything of Xom.
There is a fountain of clear blue water here.
Unknown command.
The jackal bites you but does no damage.
The jackal closely misses you. You block the jackal's attack.
There is a staircase to the Ecumenical Temple here.
The jackal misses you. The jackal closely misses you.
The gnoll hits you from afar with a +3 spear of venom!
You die...
Xom chortles!

##.......###.........#......
#.....................(....
###...##..#.#.......##.....
##.......................
#......#.#...............
##.....................#. #######
###...#.⌠.#gg........###.
.##.#.###...#.....g.#.........###
..#....##.#...⌠.@hg...#....#....,
.......##...#....h..#......###..#
..............#.⌠.#.........#,..#
#.#.........#........###....#*...
####.....##.##.#.#...#.......##..
#####.†.......................
##........#................
###..........................
##......#.....................


You could see 4 gnolls and 2 jackals.

Vanquished Creatures
  A scorpion (D:4)
  An iguana (D:4)
  3 adders
  4 gnolls (D:3)
  4 dart slugs
  An orc (D:3)
  2 ball pythons (D:2)
  A bat (D:2)
  3 endoplasms (D:2)
  4 giant cockroaches
  7 goblins
  8 hobgoblins
  3 jackals (D:1)
  5 kobolds
  2 quokkas
  3 frilled lizards
  4 rats
56 creatures vanquished.

Vanquished Creatures (collateral kills)
  A quokka (D:3)
1 creature vanquished.

Grand Total: 57 creatures vanquished

Notes
Turn   | Place    | Note
-------+----------+-------------------------------------------
     0 | D:1      | spaghetti the Demonspawn Chaos Knight began the quest for
                  | the Orb.
     0 | D:1      | Reached XP level 1. HP: 18/18 MP: 1/1
    37 | D:1      | Gained mutation: A weak demonic guardian rushes to your
                  | aid. [demonic ancestry]
    37 | D:1      | Reached XP level 2. HP: 23/24 MP: 2/2
    70 | D:1      | Found Acharoph's Book Emporium.
    85 | D:1      | Learned a level 1 spell: Pain
   224 | D:1      | Found Kailurua's Distillery.
   416 | D:1      | XOM: 10-stop teleportation journey
   550 | D:1      | XOM: cloud trail
   632 | D:2      | Reached skill level 1 in Necromancy
   670 | D:2      | Found a faded altar of an unknown god.
   765 | D:2      | Reached skill level 4 in Fighting
   765 | D:2      | Reached XP level 3. HP: 27/30 MP: 3/3
  1141 | D:2      | XOM: god gift: staff of fire
  1280 | D:2      | XOM: silly message
  1596 | D:2      | XOM: silly message
  1819 | D:2      | XOM: divination: detect creatures
  1905 | D:3      | Reached XP level 4. HP: 33/38 MP: 4/4
  1943 | D:3      | XOM: silly message
  2294 | D:3      | XOM is BORED!
  2294 | D:3      | XOM: noise
  3061 | D:3      | XOM: divination: detect creatures
  3171 | D:3      | XOM: silly message
  3207 | D:4      | Found a runed translucent gate.
  3212 | D:4      | Found a runed translucent gate.
  3213 | D:4      | Found a runed translucent gate.
  3216 | D:4      | XOM is BORED!
  3225 | D:4      | Noticed pkoi's ghost (amateur DrAE)
  3238 | D:4      | Found Tokaurul's General Store.
  3245 | D:4      | Bought 2 scrolls of identify for 52 gold pieces
  3331 | D:4      | Noticed a scorpion
  3334 | D:4      | XOM: smoke on damage
  3346 | D:4      | Killed a scorpion
  3347 | D:4      | Reached skill level 5 in Fighting
  3347 | D:4      | Gained mutation: You have an unusually large brain. (Int
                  | +2) [demonic ancestry]
  3347 | D:4      | Reached XP level 5. HP: 18/44 MP: 5/5
  3506 | D:4      | XOM: give mutations
  3506 | D:4      | Gained mutation: Your movements are slightly less
                  | encumbered by armour. (ER -2) [Xom's mischief]
  3506 | D:4      | Gained mutation: You occasionally shout uncontrollably at
                  | your foes. [Xom's mischief]
  3506 | D:4      | Gained mutation: You possess an exceptional clarity of
                  | mind. [Xom's mischief]
  3506 | D:4      | Gained mutation: You frequently scream uncontrollably at
                  | your foes. [Xom's mischief]
  3592 | D:4      | XOM: enchant monster (bad)
  3724 | D:4      | Found a staircase to the Ecumenical Temple.
  3779 | D:4      | XOM: give mutations
  3779 | D:4      | Gained mutation: Your body sometimes deteriorates upon
                  | taking damage. [Xom's mischief]
  3779 | D:4      | Gained mutation: Your body often deteriorates upon taking
                  | damage. [Xom's mischief]
  3782 | D:4      | HP: 2/44 [gnoll (6)]
  3788 | D:4      | XOM: give mutations
  3788 | D:4      | Lost mutation: Your movements are slightly less encumbered
                  | by armour. (ER -2) [Xom's mischief]
  3788 | D:4      | Gained mutation: Armour fits poorly on your strangely
                  | shaped body. [Xom's mischief]
  3793 | D:4      | Slain by a gnoll

Illustrated notes

Levels and vault maps discovered:
D:1:      ncdulo_wetmaze, layout_loops_ring, serial_shops, shop, shop
D:2:      layout_loops_corners, basic_ecumenical_altar,
          minmay_randomly_rotated_circles
D:3:      layout_loops_ring
D:4:      black_bear_nest_2, layout_cave_pools,
          mainiacjoe_overflow_small_starburst, minmay_temple_entry_sparse_star,
          ebering_ghost_rock_garden, serial_shops,
          nicolae_shop_advertising_works [nicolae_subvault_shop_adworks]

Skill      XL: |  1  2  3  4 |
---------------+-------------+-----
Necromancy     | 1 2 3 |  3.8
Fighting       | 4 5 |  5.2
Long Blades    | |  2.6
Armour         | |  1.7
Dodging        | |  0.8

Action                   |  1- 3 |  4- 6 || total
-------------------------+-------+-------++-------
Melee: Falchion          |    45 |       ||    45
       Dagger            |    80 |    87 ||   167
       Punch             |       |     3 ||     3
 Cast: Pain              |     2 |     1 ||     3
  Use: Scroll            |     1 |     6 ||     7
       Potion            |       |     3 ||     3
 Stab: Sleeping          |     1 |       ||     1
Armor: Leather armour    |    44 |    25 ||    69
Dodge: Dodged            |    70 |    62 ||   132
Block: Other             |       |     7 ||     7
